TOP OF THE 1ST |
Texas Rangers batting - Pitching for California Angels : LHP Ray Fontenot
|
Pitching: LHP Ray Fontenot
|
|
Batting: LHB Lenny Dykstra
|
0-0: Fly out, F7 (Flyball, 7LS, EV 90.0 MPH)
|
Batting: RHB Kirby Puckett
|
0-0: Ball 1-0: Called Strike 1-1: Ground out 6-3 (Groundball, 6, EV 92.5 MPH)
|
Batting: RHB Steve Garvey
|
0-0: Called Strike 0-1: Ball 1-1: SINGLE (Line Drive, 78S, EV 95.6 MPH)
|
Batting: RHB Steve Balboni
|
0-0: Called Strike 0-1: Ball Wild Pitch! Steve Garvey to second 1-1: Ball 2-1: Foul Ball, location: 2F 2-2: Foul Ball, location: 2F 2-2: Ball 3-2: Base on Balls
|
Batting: LHB Jody Helser
|
0-0: Ball 1-0: Ground out 4-3 (Groundball, 4, EV 99.4 MPH)
|
Top of the 1st over - 0 runs, 1 hit, 0 errors, 2 left on base; Texas 0 - California 0 |
BOTTOM OF THE 1ST |
California Angels batting - Pitching for Texas Rangers : RHP Pascual Perez
|
Pitching: RHP Pascual Perez
|
|
Batting: RHB Frank White
|
0-0: DOUBLE (Line Drive, 78D, EV 98.1 MPH)
|
Batting: RHB Jeff Atherton
|
0-0: Ball 1-0: Ball 2-0: Ground out 4-3 (Groundball, 4M, EV 83.8 MPH) Frank White to third
|
Batting: LHB Jason D Thompson
|
0-0: Ball 1-0: Called Strike 1-1: Ball 2-1: Ball 3-1: Base on Balls
|
Batting: SHB Jon Hernandez
|
0-0: Called Strike 0-1: Called Strike 0-2: Ball 1-2: Fly out, F8 (Flyball, 8RD, EV 90.0 MPH) Runner from 3rd tags up, SCORES, throw by CF
|
Batting: LHB John Milner
|
0-0: Ball 1-0: Fly out, F8 (Flyball, 8RXD, EV 81.3 MPH)
|
Bottom of the 1st over - 1 run, 1 hit, 0 errors, 1 left on base; Texas 0 - California 1 |
TOP OF THE 2ND |
Texas Rangers batting - Pitching for California Angels : LHP Ray Fontenot
|
Batting: RHB Rich Dauer
|
0-0: Ball 1-0: Ball 2-0: Called Strike 2-1: Ball 3-1: Fly out, F8 (Flyball, 8RXD, EV 90.6 MPH)
|
Batting: RHB George Bjorkman
|
0-0: Ball 1-0: Ball 2-0: Foul Ball, location: 2F 2-1: Foul Ball, location: 2F 2-2: DOUBLE (Groundball, 5L, EV 101.9 MPH)
|
Batting: RHB Juan Rodriguez
|
0-0: Called Strike 0-1: Foul Ball, location: 2F 0-2: Fly out, F8 (Flyball, 8RS, EV 87.5 MPH)
|
Batting: RHB Juan Samuel
|
0-0: Ball 1-0: Ball 2-0: Swinging Strike 2-1: Swinging Strike 2-2: Ball 3-2: Base on Balls
|
Batting: LHB Lenny Dykstra
|
0-0: Ball 1-0: Called Strike 1-1: Ball 2-1: SINGLE (Groundball, 6MD, EV 111.3 MPH) George Bjorkman to third Juan Samuel to second
|
Batting: RHB Kirby Puckett
|
0-0: Called Strike 0-1: Swinging Strike 0-2: Ball 1-2: Fly out, F4 (Popup, 4D, EV 43.1 MPH)
|
Top of the 2nd over - 0 runs, 2 hits, 0 errors, 3 left on base; Texas 0 - California 1 |
BOTTOM OF THE 2ND |
California Angels batting - Pitching for Texas Rangers : RHP Pascual Perez
|
Batting: RHB Mike Bishop
|
0-0: Ground out 4-3 (Groundball, 4S, EV 80.6 MPH)
|
Batting: SHB Ignacio Medina
|
0-0: Ground out 4-3 (Groundball, 4, EV 80.0 MPH)
|
Batting: SHB Manny Castillo
|
0-0: Ball 1-0: Fly out, F9 (Flyball, 9S, EV 88.8 MPH)
|
Bottom of the 2nd over - 0 runs, 0 hits, 0 errors, 0 left on base; Texas 0 - California 1 |
TOP OF THE 3RD |
Texas Rangers batting - Pitching for California Angels : LHP Ray Fontenot
|
Batting: RHB Steve Garvey
|
0-0: Ground out 6-3 (Groundball, 6S, EV 86.9 MPH)
|
Batting: RHB Steve Balboni
|
0-0: Ball 1-0: Ground out 4-3 (Groundball, 4, EV 100.0 MPH)
|
Batting: LHB Jody Helser
|
0-0: Called Strike 0-1: Foul Ball, location: 2F 0-2: Ball 1-2: Foul Ball, location: 2F 1-2: Ball 2-2: Foul Ball, location: 2F 2-2: Fly out, F9 (Flyball, 9, EV 84.4 MPH)
|
Top of the 3rd over - 0 runs, 0 hits, 0 errors, 0 left on base; Texas 0 - California 1 |
BOTTOM OF THE 3RD |
California Angels batting - Pitching for Texas Rangers : RHP Pascual Perez
|
Batting: RHB Carlos Pimentel
|
0-0: Ball 1-0: Called Strike 1-1: Called Strike 1-2: Fly out, F9 (Flyball, 9LS, EV 91.3 MPH)
|
Batting: RHB Frank White
|
0-0: Ball 1-0: Swinging Strike 1-1: Ball 2-1: SOLO HOME RUN (Flyball, 78XD, EV 91.3 MPH), Distance : 389 ft
|
Batting: RHB Jeff Atherton
|
0-0: Ball 1-0: Ball 2-0: Called Strike 2-1: SINGLE (Line Drive, 7LM, EV 88.1 MPH)
|
Batting: LHB Jason D Thompson
|
0-0: Called Strike 0-1: Called Strike 0-2: Ball 1-2: Ball 2-2: Foul Ball, location: 2F 2-2: Strikes out swinging
|
Batting: SHB Jon Hernandez
|
0-0: Ball 1-0: Called Strike 1-1: Foul Ball, location: 2F 1-2: Ball 2-2: Ball 3-2: Fly out, F7 (Line Drive, 7D, EV 106.3 MPH)
|
Bottom of the 3rd over - 1 run, 2 hits, 0 errors, 1 left on base; Texas 0 - California 2 |
TOP OF THE 4TH |
Texas Rangers batting - Pitching for California Angels : LHP Ray Fontenot
|
Batting: RHB Rich Dauer
|
0-0: SINGLE (Groundball, 56D, EV 107.5 MPH)
|
Batting: RHB George Bjorkman
|
0-0: Foul Ball, location: 2F 0-1: Foul Ball, location: 2F 0-2: Fly out, F3 (Popup, 3, EV 78.1 MPH)
|
Batting: RHB Juan Rodriguez
|
0-0: Fly out, F9 (Line Drive, 9, EV 101.3 MPH)
|
Batting: RHB Juan Samuel
|
0-0: Ball 1-0: Fly out, F9 (Flyball, 9LM, EV 75.6 MPH)
|
Top of the 4th over - 0 runs, 1 hit, 0 errors, 1 left on base; Texas 0 - California 2 |
BOTTOM OF THE 4TH |
California Angels batting - Pitching for Texas Rangers : RHP Pascual Perez
|
Batting: LHB John Milner
|
0-0: Ball 1-0: Fly out, F9 (Flyball, 89S, EV 88.1 MPH)
|
Batting: RHB Mike Bishop
|
0-0: Ball 1-0: Ball 2-0: SINGLE (Groundball, 56D, EV 95.6 MPH)
|
Batting: SHB Ignacio Medina
|
0-0: Fly out, F6 (Popup, 15S, EV 80.0 MPH)
|
Batting: SHB Manny Castillo
|
0-0: Called Strike 0-1: Ball 1-1: Fly out, F2 (Popup, 15S, EV 85.0 MPH)
|
Bottom of the 4th over - 0 runs, 1 hit, 0 errors, 1 left on base; Texas 0 - California 2 |
TOP OF THE 5TH |
Texas Rangers batting - Pitching for California Angels : LHP Ray Fontenot
|
Batting: LHB Lenny Dykstra
|
0-0: Called Strike 0-1: Ball 1-1: Ball 2-1: Foul Ball, location: 2F 2-2: Fly out, F1 (Line Drive, P, EV 64.4 MPH)
|
Batting: RHB Kirby Puckett
|
0-0: Called Strike 0-1: Ball 1-1: Foul Ball, location: 2F 1-2: Foul Ball, location: 2F 1-2: Reached on error, E6 (Groundball, 6, EV 84.4 MPH)
|
Batting: RHB Steve Garvey
|
0-0: Ball 1-0: Called Strike Kirby Puckett steals 2nd base 1-1: Ball 2-1: Fly out, F8 (Flyball, 8RM, EV 91.9 MPH)
|
Batting: RHB Steve Balboni
|
0-0: Ball 1-0: Swinging Strike 1-1: Foul Ball, location: 2F 1-2: Ball 2-2: 2-RUN HOME RUN (Flyball, 89XD, EV 95.6 MPH), Distance : 420 ft
|
Batting: LHB Jody Helser
|
0-0: Ball 1-0: Called Strike 1-1: DOUBLE (Flyball, 9LD, EV 96.9 MPH)
|
Batting: RHB Rich Dauer
|
0-0: Swinging Strike 0-1: Ball 1-1: Called Strike 1-2: Foul Ball, location: 2F 1-2: Ball 2-2: Foul Ball, location: 2F 2-2: Ball 3-2: Foul Ball, location: 2F 3-2: Fly out, F7 (Line Drive, 7, EV 99.4 MPH)
|
Top of the 5th over - 2 runs, 2 hits, 1 error, 1 left on base; Texas 2 - California 2 |
BOTTOM OF THE 5TH |
California Angels batting - Pitching for Texas Rangers : RHP Pascual Perez
|
Batting: RHB Carlos Pimentel
|
0-0: Foul Ball, location: 2F 0-1: Ball 1-1: Ball 2-1: Swinging Strike 2-2: Strikes out swinging
|
Batting: RHB Frank White
|
0-0: Ball 1-0: SINGLE (Groundball, 4MD, EV 106.9 MPH)
|
Batting: RHB Jeff Atherton
|
0-0: Ball 1-0: Called Strike 1-1: Ball 2-1: Fly out, F9 (Flyball, 89D, EV 94.4 MPH)
|
Batting: LHB Jason D Thompson
|
0-0: Called Strike 0-1: Ball Frank White is caught stealing 2nd base 2-6
|
Bottom of the 5th over - 0 runs, 1 hit, 0 errors, 0 left on base; Texas 2 - California 2 |
TOP OF THE 6TH |
Texas Rangers batting - Pitching for California Angels : LHP Ray Fontenot
|
Batting: RHB George Bjorkman
|
0-0: Fly out, F6 (Flyball, 6D, EV 91.9 MPH)
|
Batting: RHB Juan Rodriguez
|
0-0: Swinging Strike 0-1: Foul Ball, location: 2F 0-2: Foul Ball, location: 2F 0-2: Ground out 5-3 (Groundball, 5S, EV 65.6 MPH)
|
Batting: RHB Juan Samuel
|
0-0: Ball 1-0: Foul Ball, location: 2F 1-1: Foul Ball, location: 2F 1-2: SINGLE (Flyball, 89S, EV 94.4 MPH)
|
Pitching: RHP Eric Prevost
|
|
Batting: LHB Lenny Dykstra
|
0-0: Ball 1-0: Called Strike 1-1: Ball Juan Samuel steals 2nd base (no throw) 2-1: Ground out 2-3 (Groundball, 2L, EV 74.4 MPH)
|
Top of the 6th over - 0 runs, 1 hit, 0 errors, 1 left on base; Texas 2 - California 2 |
BOTTOM OF THE 6TH |
California Angels batting - Pitching for Texas Rangers : RHP Pascual Perez
|
Batting: LHB Jason D Thompson
|
0-0: Ball 1-0: Ground out U3 (Groundball, 34S, EV 68.8 MPH)
|
Batting: SHB Jon Hernandez
|
0-0: Called Strike 0-1: Ball 1-1: Ball 2-1: Ball 3-1: Base on Balls
|
Batting: LHB John Milner
|
0-0: Fly out, F7 (Flyball, 7LS, EV 76.3 MPH)
|
Batting: RHB Mike Bishop
|
0-0: Fly out, F8 (Flyball, 89D, EV 97.5 MPH)
|
Bottom of the 6th over - 0 runs, 0 hits, 0 errors, 1 left on base; Texas 2 - California 2 |
TOP OF THE 7TH |
Texas Rangers batting - Pitching for California Angels : RHP Eric Prevost
|
Batting: RHB Kirby Puckett
|
0-0: SINGLE (Groundball, 23, EV 71.9 MPH) (infield hit)
|
Batting: RHB Steve Garvey
|
0-0: Ball 1-0: Foul Ball, location: 2F 1-1: Foul Ball, location: 2F 1-2: Ball 2-2: Ball 3-2: Hit by Pitch Kirby Puckett to second
|
Batting: RHB Steve Balboni
|
0-0: Called Strike 0-1: Called Strike 0-2: Ball 1-2: Strikes out swinging
|
Batting: LHB Jody Helser
|
0-0: Ball Kirby Puckett steals 3rd, throwing error, E2 Kirby Puckett scores Steve Garvey to third 1-0: Intentional Walk
|
Batting: RHB Rich Dauer
|
0-0: Called Strike 0-1: Called Strike 0-2: Ball 1-2: Ball 2-2: Strikes out looking
|
Batting: RHB George Bjorkman
|
0-0: Called Strike 0-1: Foul Ball, location: 2F 0-2: Foul Ball, location: 2F 0-2: Ball 1-2: Foul Ball, location: 2F 1-2: Strikes out swinging
|
Top of the 7th over - 1 run, 1 hit, 1 error, 2 left on base; Texas 3 - California 2 |
BOTTOM OF THE 7TH |
California Angels batting - Pitching for Texas Rangers : RHP Pascual Perez
|
Batting: SHB Ignacio Medina
|
0-0: Fly out, F8 (Line Drive, 8RM, EV 91.3 MPH)
|
Batting: SHB Manny Castillo
|
0-0: Ball 1-0: Ground out 4-3 (Groundball, 4, EV 85.6 MPH)
|
Batting: RHB Carlos Pimentel
|
0-0: Ball 1-0: Swinging Strike 1-1: Ball 2-1: Ground out 6-3 (Groundball, 6S, EV 69.4 MPH)
|
Bottom of the 7th over - 0 runs, 0 hits, 0 errors, 0 left on base; Texas 3 - California 2 |
TOP OF THE 8TH |
Texas Rangers batting - Pitching for California Angels : RHP Eric Prevost
|
Batting: RHB Juan Rodriguez
|
0-0: Ball 1-0: Called Strike 1-1: Ball 2-1: Ball 3-1: Base on Balls
|
Batting: RHB Juan Samuel
|
0-0: Called Strike 0-1: Fielders Choice at 2nd, 3-6 (Groundball, 34, EV 98.1 MPH)
|
Batting: LHB Lenny Dykstra
|
0-0: Ball Juan Samuel steals 2nd base 1-0: Ball 2-0: Foul Ball, location: 2F 2-1: Ball 3-1: Called Strike 3-2: Foul Ball, location: 2F 3-2: Ground out 4-3 (Groundball, 4, EV 85.0 MPH) Juan Samuel to third
|
Batting: RHB Kirby Puckett
|
0-0: Ball 1-0: SINGLE (Flyball, 8LS, EV 92.5 MPH) Juan Samuel scores
|
Batting: RHB Steve Garvey
|
0-0: Ball Kirby Puckett steals 2nd base 1-0: Called Strike 1-1: Foul Ball, location: 2F 1-2: Ground out 6-3 (Groundball, 6, EV 96.9 MPH)
|
Top of the 8th over - 1 run, 1 hit, 0 errors, 1 left on base; Texas 4 - California 2 |
BOTTOM OF THE 8TH |
California Angels batting - Pitching for Texas Rangers : RHP Pascual Perez
|
Batting: RHB Frank White
|
0-0: Ball 1-0: SOLO HOME RUN (Flyball, 7D, EV 99.4 MPH), Distance : 378 ft
|
Batting: RHB Jeff Atherton
|
0-0: Swinging Strike 0-1: Ball 1-1: Ball 2-1: Ball 3-1: Fly out, F9 (Flyball, 9, EV 78.1 MPH)
|
Batting: LHB Jason D Thompson
|
0-0: Ball 1-0: Foul Ball, location: 2F 1-1: Ball 2-1: Called Strike 2-2: Foul Ball, location: 2F 2-2: Foul Ball, location: 2F 2-2: Ball 3-2: Foul Ball, location: 2F 3-2: Foul Ball, location: 2F 3-2: SINGLE (Groundball, 34D, EV 99.4 MPH)
|
Batting: SHB Jon Hernandez
|
0-0: Called Strike 0-1: Foul Ball, location: 2F 0-2: SINGLE (Line Drive, 5D, EV 96.9 MPH) Jason D Thompson to second
|
Pitching: RHP Kent Tekulve
|
|
Batting: LHB John Milner
|
0-0: Ball 1-0: Ball 2-0: Foul Ball, location: 2F 2-1: Ball 3-1: Grounds into double play, 6-4-3 (Groundball, 6, EV 103.1 MPH)
|
Bottom of the 8th over - 1 run, 3 hits, 0 errors, 1 left on base; Texas 4 - California 3 |
TOP OF THE 9TH |
Texas Rangers batting - Pitching for California Angels : RHP Eric Prevost
|
Batting: RHB Steve Balboni
|
0-0: Ball 1-0: Ball 2-0: Ball 3-0: Called Strike 3-1: Foul Ball, location: 2F 3-2: SOLO HOME RUN (Flyball, 78XD, EV 92.5 MPH), Distance : 402 ft
|
Pitching: RHP Jerry Reed
|
|
Batting: LHB Jody Helser
|
0-0: Ball 1-0: Ground out U3 (Groundball, 13, EV 83.8 MPH)
|
Batting: RHB Rich Dauer
|
0-0: Ball 1-0: Ground out 4-3 (Groundball, 4, EV 83.8 MPH)
|
Batting: RHB George Bjorkman
|
0-0: Foul Ball, location: 2F 0-1: Foul Ball, location: 2F 0-2: Ball 1-2: SINGLE (Groundball, 34D, EV 96.9 MPH)
|
Batting: RHB Juan Rodriguez
|
0-0: Ball George Bjorkman is caught stealing 2nd base 2-4
|
Top of the 9th over - 1 run, 2 hits, 0 errors, 0 left on base; Texas 5 - California 3 |
BOTTOM OF THE 9TH |
California Angels batting - Pitching for Texas Rangers : RHP Kent Tekulve
|
Batting: RHB Mike Bishop
|
0-0: Ball 1-0: Ball 2-0: Called Strike 2-1: Foul Ball, location: 2F 2-2: Ball 3-2: Fly out, F9 (Flyball, 9, EV 73.8 MPH)
|
Batting: SHB Ignacio Medina
|
0-0: Swinging Strike 0-1: Foul Ball, location: 2F 0-2: Strikes out looking
|
Batting: SHB Manny Castillo
|
0-0: Foul Ball, location: 2F 0-1: Foul Ball, location: 2F 0-2: Ball 1-2: Ball 2-2: Ground out 6-3 (Groundball, 6, EV 85.6 MPH)
|
Bottom of the 9th over - 0 runs, 0 hits, 0 errors, 0 left on base; Texas 5 - California 3 |
|